 Dungeon Crawl Stone Soup version 0.18-a0-1372-gd644665 (webtiles) character file.

523 M4edhros the Sneak (level 7, 0/46 HPs)
             Began as an Octopode Monk on Feb 21, 2016.
             Shot with an arrow by a centaur (12 damage)
             ... while paralysed
             ... on level 5 of the Dungeon.
             The game lasted 00:04:02 (3074 turns).

M4edhros the Sneak (Octopode Monk)                  Turns: 3074, Time: 00:04:02

Health: 0/46       AC:  1    Str:  9 (10) XL:     7   Next: 22%
Magic:  7/7        EV:  2    Int: 11 (12) God:
Gold:   162        SH:  0    Dex: 17      Spells: 0 memorised, 6 levels left

rFire  . . .     SeeInvis .       - Unarmed
rCold  . . .     Gourm    .     (no shield)
rNeg   . . .     Faith    .     (helmet restricted)
rPois  +         Spirit   .     (no amulet)
rElec  .         Dismiss  .     g - ring of poison resistance
rCorr  .         Reflect  .     i - ring of sustain attributes
SustAt +         Harm     .     (no ring)
MR     .....                    (no ring)
Stlth  +++++.....               (no ring)
                                (no ring)
                                (no ring)
                                (no ring)

@: paralysed, exhausted, slowed, not resistant to hostile enchantments, quite
stealthy
A: almost no armour, amphibious, 8 rings, constrict 8, camouflage 1, gelatinous
body 1
a: no special abilities


You were on level 5 of the Dungeon.
You were not hungry.

You visited 1 branch of the dungeon, and saw 7 of its levels.

You collected 162 gold pieces.

Inventory:

Hand Weapons
 m - a +0 blowgun
Missiles
 p - 13 poisoned needles
Jewellery
 g - a ring of poison resistance (left tentacle)
 i - a ring of sustain attributes (right tentacle)
Wands
 j - a wand of digging (13/24)
 x - a wand of lightning (3/15)
Scrolls
 d - a scroll of enchant armour {unknown}
 e - 4 scrolls of remove curse
 k - a scroll of fear {unknown}
 l - a scroll of teleportation {unknown}
 n - a scroll of enchant weapon {unknown}
 o - a scroll of blinking {unknown}
 q - a scroll of immolation {unknown}
Potions
 b - 2 potions of might
 u - 2 potions of curing {unknown}
 w - 3 potions of heal wounds {unknown}
 z - a potion of cure mutation {unknown}
Comestibles
 a - 4 bread rations
 f - a meat ration
 h - 2 slices of pizza
 t - a beef jerky
 A - a chunk of flesh


   Skills:
 - Level 3.0 Fighting
 - Level 3.0 Dodging
 + Level 7.9 Stealth
 + Level 6.6 Unarmed Combat


You had 6 spell levels left.
You didn't know any spells.

Dungeon Overview and Level Annotations

Branches:
Dungeon (7/15)
 Temple: D:4-7

Altars:
Qazlal
The Shining One


Innate Abilities, Weirdness & Mutations

You cannot wear most types of armour.
You are amphibious.
You can wear up to eight rings at the same time.
You can use your tentacles to constrict eight enemies at once.
Your skin changes colour to match your surroundings (Stealth).
Your rubbery body absorbs attacks (AC +1).


Message History

A red film seems to cover your vision as you go berserk!
You feel yourself moving faster!
You feel mighty!
You are too berserk!
You feel a strong urge to attack something.
The centaur shouts!
The centaur wields a glowing shortbow.
The centaur shoots an arrow.
The arrow hits you!
You see here an arrow.
Unknown command.
You feel your anger subside.
The gnoll shouts!
A gnoll comes into view. It is wielding a halberd.
You are no longer berserk.
You pass out from exhaustion.
You feel yourself slow down.
The centaur shoots an arrow.
The arrow hits you!
The centaur shoots an arrow.
The arrow hits you.
* * * LOW HITPOINT WARNING * * *
The centaur shoots an arrow.
The arrow hits you!
You die...

### #>#
#.## #..#
#..##
#...#
##..## .
#@.(# ...
##..#$....
#........
##.....#.
..g..##
.c..##
...g.#
c..#g.#
##...


You could see a centaur and 3 gnolls.

Vanquished Creatures
  Sigmund (D:3)
  A giant frog (D:6)
  The ghost of M4edhros the Insei, a weakling OpMo (D:3)
  A centaur skeleton (D:7)
  An orc priest (D:4)
  A hound (D:6)
  Terence (D:3)
  A worker ant (D:4)
  4 gnolls (D:4)
  4 adders
  A worm (D:2)
  A giant gecko (D:1)
  2 orcs (D:4)
  2 giant cockroaches (D:3)
  6 goblins
  4 hobgoblins
  4 jackals
  6 kobolds
  A ball python (D:3)
  4 bats
  2 giant newts
  3 rats
52 creatures vanquished.

Notes
Turn   | Place    | Note
--------------------------------------------------------------
     0 | D:1      | M4edhros the Octopode Monk began the quest for the Orb.
     0 | D:1      | Reached XP level 1. HP: 16/16 MP: 1/1
   449 | D:1      | Reached XP level 2. HP: 21/21 MP: 2/2
   899 | D:2      | Reached XP level 3. HP: 26/26 MP: 3/3
  1633 | D:3      | Noticed M4edhros's ghost (weakling OpMo)
  1641 | D:3      | Killed M4edhros's ghost
  1641 | D:3      | Reached skill level 5 in Stealth
  1641 | D:3      | Reached skill level 5 in Unarmed Combat
  1641 | D:3      | Reached XP level 4. HP: 7/31 MP: 4/4
  1910 | D:3      | Noticed Terence
  1915 | D:3      | Killed Terence
  1915 | D:3      | Reached XP level 5. HP: 25/36 MP: 5/5
  1973 | D:3      | Noticed Sigmund
  1983 | D:3      | Killed Sigmund
  1983 | D:3      | Reached skill level 6 in Stealth
  1983 | D:3      | Reached XP level 6. HP: 30/42 MP: 6/6
  2123 | D:3      | Found a glowing golden altar of the Shining One.
  2606 | D:4      | Reached skill level 7 in Stealth
  2876 | D:4      | You fall through a shaft for 3 floors!
  2877 | D:7      | Found a stormy altar of Qazlal.
  2965 | D:6      | Reached XP level 7. HP: 31/46 MP: 7/7
  3015 | D:5      | Entered Level 5 of the Dungeon
  3074 | D:5      | Shot with an arrow by a centaur

Vault maps used:
D:1:      dpeg_arrival_morbid_curiosity
D:2:      first_bread, moated_statue
D:3:      tso_altar, uniq_terence, uniq_sigmund
D:4:      portal_sewer_entry_d, tgw_kikubaaqudgha
D:5:      minitemple, temple_hall, nicolae_ossuary_entry_giza, minmay_crossroads
D:6:      vehumet_crystals, minmay_misc_feat_iff
D:7:      grunt_qazlal_sundering, grunt_ogre_cave

Action                   |  1- 3 |  4- 6 |  7- 9 || total
-------------------------+-------+-------+-------++-------
Melee: Unarmed           |    61 |    54 |     3 ||   118
  Use: Potion            |     1 |       |     3 ||     4
       Scroll            |       |     4 |     1 ||     5
 Stab: Sleeping          |     9 |     6 |       ||    15
       Distracted        |     2 |       |       ||     2
  Eat: Chunk             |     2 |     1 |     2 ||     5
       Royal jelly       |       |     1 |       ||     1
